 Dungeon Crawl Stone Soup version 0.30-a0-728-gc68057be0a (webtiles) character file.

Game seed: 15048728205874139340

2 zinnoa the Vexing (level 1, 0/7 HPs)
             Began as a Felid Enchanter on Feb 1, 2023.
             Slain by a ball python (2 damage)
             ... on level 1 of the Dungeon.
             The game lasted 00:00:22 (125 turns).

zinnoa the Vexing (Felid Enchanter)                  Turns: 125, Time: 00:00:22

Health: 0/7        AC:  1    Str:  4    XL:     1   Next: 25%
Magic:  4/4        EV: 14    Int: 16    God:
Gold:   0          SH:  0    Dex: 16    Spells: 4/4 levels left
                                        Lives:  0   Deaths: 0

rFire   . . .      SeeInvis +      - Unarmed
rCold   . . .      Faith    .    (shield unavailable)
rNeg    . . .      Spirit   .    (body armour unavailable)
rPois   .          Reflect  .    (helmet unavailable)
rElec   .          Harm     .    (cloak unavailable)
rCorr   .          Rampage  .    (gloves unavailable)
Will    .....                    (boots unavailable)
Stlth   +++                      (no amulet)
HPRegen 0.21/turn                (no ring)
MPRegen 0.09/turn                (no ring)

@: constricted, quick
A: very small, claws 1, fangs 3, see invisible, speed 1, shaggy fur 1, stealthy
paws, no weapons or thrown items, no armour, multi-lived
a: no special abilities


You were on level 1 of the Dungeon.
You visited 1 branch of the dungeon, and saw 1 of its levels.

Inventory:

Scrolls
 b - a scroll of magic mapping {unknown}
 d - a scroll of teleportation {unknown}
Potions
 a - 2 potions of invisibility
 c - a potion of curing {unknown}


   Skills:
 + Level 2.6 Dodging
 + Level 4.0 Stealth
 + Level 1.0 Unarmed Combat
 + Level 2.0 Spellcasting
 + Level 4.6 Hexes


You had 4 spell levels left.
You didn't know any spells.
Your spell library contained the following spells:

 Spells                   Type           Power      Damage    Failure   Level
 Confusing Touch          Hex            16%        N/A       10%         3
 Tukima's Dance           Hex            16%        N/A       10%         3
 Ensorcelled Hibernation  Hex/Ice        18%        N/A       12%         2
 Dazzling Flash           Conj/Hex       18%        N/A       24%         3


Dungeon Overview and Level Annotations

Branches:
Dungeon (1/15)

Altars:


Innate Abilities, Weirdness & Mutations

You have sharp claws.
You have razor-sharp teeth.
You have supernaturally acute eyesight. (SInv)
You cover ground quickly. (Speed+)
You are covered in fur. (AC +1)
Your paws help you pounce on unaware monsters.
You are incapable of wielding weapons or throwing items.
You cannot wear armour.
You gain extra lives every three experience levels.


Message History

A goblin is nearby!
You closely miss the goblin. The goblin hits you with a +0 dagger.
You closely miss the goblin. The goblin misses you.
You barely miss the goblin. You scratch the goblin.
You kill the goblin!
No target in view!
No target in view!
Things that are here:
a +0 dagger; a goblin corpse
There is a dry fountain here.
A ball python and a hobgoblin come into view.
There are monsters nearby!
There are monsters nearby!
There are monsters nearby!
A bat comes into view.
The ball python hisses angrily.
The hobgoblin shouts!
A goblin comes into view. It is wielding a +0 dagger.
A kobold comes into view. It is wielding a +0 short sword.
You barely miss the bat. The bat misses you. x2
An endoplasm comes into view.
The bat hits you.
A hobgoblin comes into view.
The bat attacks as you move away! The bat closely misses you. The bat hits you.
The bat attacks as you move away! The bat hits you but does no damage.
The bat closely misses you. The bat hits you but does no damage.
You scratch the bat.
The bat is moderately wounded.
The bat hits you but does no damage. The bat misses you.
The ball python bites you. The ball python grabs you.
The ball python constricts you.
* * * LOW HITPOINT WARNING * * *
You barely miss the ball python.
The ball python bites you but does no damage.
The ball python constricts you.
You barely miss the ball python.
The kobold shouts!
You hear a shout!
The ball python bites you.
You die...

.J..... .. .g.....##.
.........# .........#
.........# .....K...###
...........#
###########.############
###..........bS@.........###
##....#.####.####.####.##...##
#..###...##...##...##...###..#
#.## #.⌠.##.⌠.##.⌠)##.⌠.# ##.#
#.####...##...##...##...####.#
#...###.####.####.####.###...#
#.⌠.###.####.####.####.###.⌠.#
#............................#
##.##.........<..........##.##


You could see a bat, a ball python and a kobold.

Vanquished Creatures
  A goblin (D:1)
  A ball python (D:1)
2 creatures vanquished.

Notes
Turn   | Place    | Note
-------+----------+-------------------------------------------
     0 | D:1      | zinnoa the Felid Enchanter began the quest for the Orb.
     0 | D:1      | Reached XP level 1. HP: 7/7 MP: 4/4
   125 | D:1      | Slain by a ball python

Illustrated notes

Levels and vault maps discovered:
D:1:      dpeg_arrival_chambers_temple_mockup, layout_rooms

Action                     || total
---------------------------++-------
  Melee: Unarmed           ||     9
   Stab: Sleeping          ||     1
 Armour: Skin              ||     4
  Dodge: Dodged            ||     6

Table legend: (Time is in decaauts)
 A = Elapsed time spent in this place.
 B = Non-inter-level travel time spent in this place.
 C = Inter-level travel time spent in this place.
 D = Time resting spent in this place.
 E = Time spent auto-exploring this place.
 F = Levels seen in this place.
 G = Mean time per level.
                   A        B        C        D        E       F      G
               +--------+--------+--------+--------+--------+-----+--------+
         Total |    102 |    102 |      0 |      0 |     77 |   1 |  102.0 |
       Dungeon |    102 |    102 |      0 |      0 |     77 |   1 |  102.0 |
               +--------+--------+--------+--------+--------+-----+--------+

Top non-repeatable levels by time:
     D:1: 102 daAuts
